Map: Cyber Forest LE

Players

diamondforme

  • Race: Protoss Protoss
  • League: Diamond
  • Spawn Location: 5:00

KiiiA - Winner!

  • Race: Protoss Protoss
  • League: Diamond
  • Spawn Location: 11:00

VOD

Have the link to the VOD?

Description

Time

  • Played on: March 2, 2019, 9:16 p.m.
  • Length: 5:12
Show
View Real Time Build Order
Export as new Build Order

diamondforme Protoss 

Build Orders: Blink Stalkers 

Get SALT Encoding   

  12  0:00  Probe  
  13  0:13  Probe  
  14  0:18  Pylon  
  14  0:24  Probe  
  15  0:33  Probe  
  15  0:40  Gateway  
  15  0:41  Probe  
  16  0:47  Assimilator  
  17  0:51  Probe  
  18  0:57  Assimilator  
  18  1:03  Probe  
  19  1:15  Probe  
  19  1:16  Gateway  
  20  1:27  Probe, Cybernetics Core  
  21  1:37  Pylon  
  21  1:39  Probe  
  22  1:51  Probe  
  23  1:55  Pylon  
  23  2:04  Probe, Sentry, Stalker  
  23  2:07  Warp Gate  
  28  2:29  Probe  
  29  2:30  Stalker  
  29  2:34  Stalker  
  33  2:41  Twilight Council, Probe  
  34  3:01  Probe, Stalker  
  37  3:07  Blink  
  37  3:26  Nexus  
  37  3:34  Shield Battery  
  37  3:45  Shield Battery  
  37  3:50  Shield Battery  
  37  3:54  Pylon  
  37  4:00  Pylon  
  34  4:10  Stalker  
  28  4:23  Stalker  
  25  4:33  Probe  
  25  4:36  Stalker  
Show
View Real Time Build Order
Export as new Build Order

KiiiA Protoss - Winner!

Build Orders:  

Get SALT Encoding   

  12  0:01  Probe  
  13  0:15  Pylon  
  13  0:19  Probe  
  14  0:27  Probe  
  14  0:35  Probe  
  15  0:40  Gateway  
  16  0:45  Probe  
  16  0:49  Assimilator  
  17  0:59  Assimilator  
  17  1:01  Probe  
  18  1:07  Gateway  
  18  1:13  Probe  
  19  1:25  Probe  
  20  1:30  Cybernetics Core  
  20  1:33  Gateway  
  20  1:38  Probe  
  21  1:46  Warp Gate  
  21  1:48  Pylon  
  21  1:50  Probe  
  22  2:03  Probe  
  22  2:06  Pylon  
  23  2:22  Pylon  
  23  2:24  Stalker x2  
  23  2:27  Stalker  
  29  2:54  Stalker x2  
  29  2:57  Pylon, Stalker  
  35  3:16  Robotics Facility  
  35  3:18  Gateway  
  35  3:35  Stalker x2  
  39  3:43  Stalker  
  37  4:27  Adept  
  37  4:28  Adept  
  37  4:29  Immortal  
  37  4:30  Adept x2  
  35  4:47  Adept  
  35  4:48  Adept  
  39  4:53  Adept x2  
Tags
 
Composition
Blink Stalkers
Matchup
PvP
Spawn Locations
Cross Positions
Add a new tag
Caveats
  • Supply blocks, unpowered buildings, or Contaminate may cause inaccurate times.
  • Supply counts are checked every 10 seconds.